 Dungeon Crawl Stone Soup version 0.30-a0-219-gf2db51d15e (webtiles) character file.

Game seed: 13843145826707546615

989 jimonade the Slicer (level 8, 0/44 HPs)
             Began as a Kobold Brigand on Oct 7, 2022.
             Slain by an unseen horror (2 damage)
             ... on level 6 of the Dungeon.
             The game lasted 00:09:30 (4807 turns).

jimonade the Slicer (Kobold Brigand)                Turns: 4807, Time: 00:09:31

Health: 0/44       AC:  7    Str:  5    XL:     8   Next: 41%
Magic:  8/8        EV: 14    Int: 25    God:
Gold:   308        SH:  0    Dex: 24    Spells: 7/7 levels left

rFire   . . .      SeeInvis .    a - +11 whip "Kidyutz" {elec, rN+ Str+2}
rCold   . . .      Faith    .    (no shield)
rNeg    + . .      Spirit   .    G - +1 robe "Iclooli" {rElec Regen+ Str-5 Int+4}
rPois   .          Reflect  .    U - +0 helmet
rElec   +          Harm     .    c - +0 cloak
rCorr   .          Rampage  .    w - +0 pair of gloves
Will    .....                    p - +0 pair of boots
Stlth   +++++.....               K - amulet of Xom's Entertainment {RegenMP Int+2}
HPRegen 1.07/turn                D - +6 ring of dexterity
MPRegen 0.51/turn                z - +6 ring of intelligence

@: no status effects
A: small, no large weapons, nightstalker 3
a: no special abilities


You were on level 6 of the Dungeon.
You visited 1 branch of the dungeon, and saw 6 of its levels.

You collected 308 gold pieces.

Inventory:

Hand Weapons
 a - the +11 whip "Kidyutz" (weapon) {elec, rN+ Str+2}
   (You found it on level 4 of the Dungeon)

   It occasionally discharges a powerful burst of electricity upon striking a
   foe.
   Str:       It affects your strength (+2).
   rN:        It protects you from negative energy.
 b - the +8 whip of the Harvest {freeze, rF+ Dex+3}
   (You found it on level 6 of the Dungeon)

   It freezes those it strikes, dealing additional cold damage.
   It can also slow down cold-blooded creatures.
   Dex:       It affects your dexterity (+3).
   rF:        It protects you from fire.
 j - a +0 spear
 l - a +2 dagger
 v - a +0 rapier
 F - a +0 short sword of venom
 M - a +2 dagger
 W - a +4 whip of electrocution
Missiles
 d - 9 poisoned darts (quivered)
 e - 3 curare-tipped darts
 J - 6 javelins
Armour
 c - a +0 cloak (worn)
 p - a +0 pair of boots (worn)
 w - a +0 pair of gloves (worn)
 y - a +0 robe of fire resistance
 G - the +1 robe "Iclooli" (worn) {rElec Regen+ Str-5 Int+4}
   (You found it on level 3 of the Dungeon)

   Str:       It affects your strength (-5).
   Int:       It affects your intelligence (+4).
   rElec:     It insulates you from electricity.
   Regen:     It increases your rate of health regeneration.
 P - a +1 ring mail of cold resistance
 U - a +0 helmet (worn)
 V - a +2 robe of willpower
Jewellery
 z - a +6 ring of intelligence (right hand)
 C - an amulet of magic regeneration
 D - a +6 ring of dexterity (left hand)
 K - the amulet of Xom's Entertainment (around neck) {RegenMP Int+2}
   (You found it on level 4 of the Dungeon)

   [amulet of magic regeneration]

   It increases your rate of magic regeneration.
   Int:       It affects your intelligence (+2).
Wands
 I - a wand of digging (1)
 Q - a wand of paralysis (7)
 R - a wand of mindburst (11)
Scrolls
 g - 6 scrolls of identify {unknown}
 h - 2 scrolls of fear {unknown}
 i - 5 scrolls of magic mapping {unknown}
 o - 2 scrolls of blinking {unknown}
 q - 4 scrolls of poison {unknown}
 s - a scroll of amnesia {unknown}
 t - a scroll of immolation {unknown}
 x - 2 scrolls of enchant weapon {unknown}
 A - 3 scrolls of teleportation {unknown}
 E - 2 scrolls of enchant armour {unknown}
 H - 2 scrolls of vulnerability {unknown}
 O - a scroll of brand weapon {unknown}
 T - a scroll of butterflies {unknown}
Potions
 f - 3 potions of curing {unknown}
 k - 2 potions of flight {unknown}
 m - 2 potions of heal wounds {unknown}
 n - 2 potions of mutation {unknown}
 r - a potion of ambrosia {unknown}
 u - a potion of might {unknown}
 B - a potion of attraction {unknown}
 L - a potion of lignification {unknown}
 N - 2 potions of invisibility {unknown}
 S - a potion of brilliance {unknown}


   Skills:
 - Level 2.1 Fighting
 - Level 8.4 Short Blades
 + Level 6.1 Maces & Flails
 - Level 2.1 Throwing
 - Level 1.2 Dodging
 - Level 5.3 Stealth


You had 7 spell levels left.
You didn't know any spells.
Your spell library contained the following spells:

 Spells                   Type           Power      Damage    Failure   Level
 Cigotuvi's Dreadful Rot  Necr/Pois/Air  0%         N/A       21%         2
 Dazzling Flash           Conj/Hex       0%         N/A       38%         3
 Frozen Ramparts          Ice            0%         1d1       38%         3
 Dispel Undead            Necr           0%         3d6       80%         4
 Ice Form                 Ice/Tmut       0%         N/A       80%         4
 Iskenderun's Mystic Bla  Conj/Tloc      0%         2d3       80%         4
 Summon Ice Beast         Ice/Summ       0%         N/A       80%         4
 Death Channel            Necr           0%         N/A       100%        6
 Starburst                Conj/Fire      0%         6d3       100%        6
 Malign Gateway           Summ/Tloc      0%         N/A       100%        7
 Summon Horrible Things   Summ           0%         N/A       100%        8


Dungeon Overview and Level Annotations

Branches:
Dungeon (6/15)
 Temple: D:4-7

Altars:
Gozag
Makhleb
Zin

Annotations:
D:2 1 runed translucent door, Crazy Yiuf


Innate Abilities, Weirdness & Mutations

You are small and have problems with some larger weapons.
You are completely attuned to the shadows.


Message History

You add the spells Malign Gateway and Summon Horrible Things to your library.
You now have 308 gold pieces (gained 6).
An ufetubus comes into view.
An ufetubus is nearby!
The ufetubus shouts!
You whack the ufetubus!
You kill the ufetubus!
Found a stone staircase leading up.
Something barely misses you. Something hits you.
Deactivating autopickup; reactivate with Ctrl-A.
Something hits you! Something barely misses you.
Something hits you but does no damage. Something hits you.
Something barely misses you. Something hits you but does no damage.
Something hits you. Something hits you. Something barely misses you.
Something hits you. Something hits you. Something hits you but does no damage.
You hit something. Lightning courses through something!! Something hits you.
Something hits you. Something hits you. Something hits you.
Something hits you but does no damage. Something hits you but does no damage.
Something hits you but does no damage. Something hits you!
Something hits you but does no damage.
You barely miss something. Something hits you.
Something hits you but does no damage.
You closely miss something. Something hits you.
* * * LOW HITPOINT WARNING * * *
Something hits you but does no damage.
You whack something! Something hits you!
* * * LOW HITPOINT WARNING * * *
Something hits you.
* * * LOW HITPOINT WARNING * * *
You whack something! Something barely misses you. Something hits you.
* * * LOW HITPOINT WARNING * * *
You miss something. Something hits you but does no damage. Something hits you.
You die...

###........# #.......##
#.......# ####...## #..#
#### #..[# .....##<.. ...#
#...# ...........#
#.######...###
........#..####.............
........#..@................
....$$.....#.##...........[.
...........#.##.#####..)..##
♣♣♣.............# #.###.#
♣♣.........##.# #.# #.#
♣......##.##.# #.###)#
♣............# #.....#
♣......##.#### #....##
♣......##.# #..).#


There were no monsters in sight!

Vanquished Creatures
  An ogre (D:4)
  A phantom (D:5)
  Blork the orc (D:5)
  A necrophage (D:5)
  A scorpion (D:5)
  3 wights (D:6)
  2 hounds
  A jelly (D:6)
  4 orc priests
  2 iguanas (D:6)
  2 orc wizards
  5 adders
  A white imp (D:6)
  3 ufetubi
  2 worms
  3 dart slugs
  20 orcs
  5 ball pythons
  5 endoplasms
  4 giant cockroaches
  9 goblins
  8 hobgoblins (D:1)
  9 jackals
  A quokka (D:5)
  2 bats
  2 frilled lizards
  9 kobolds
  2 rats (D:1)
109 creatures vanquished.

Notes
Turn   | Place    | Note
-------+----------+-------------------------------------------
     0 | D:1      | jimonade the Kobold Brigand began the quest for the Orb.
     0 | D:1      | Reached XP level 1. HP: 12/12 MP: 1/1
    28 | D:1      | Reached skill level 3 in Short Blades
    67 | D:1      | Reached XP level 2. HP: 7/17 MP: 2/2
   283 | D:1      | Reached skill level 4 in Short Blades
   402 | D:1      | Reached XP level 3. HP: 21/21 MP: 3/3
   677 | D:1      | Reached skill level 5 in Short Blades
   947 | D:2      | Found a burning altar of Makhleb.
  1229 | D:2      | Reached XP level 4. HP: 18/26 MP: 4/4
  1725 | D:2      | Found a runed translucent door.
  1813 | D:2      | Noticed Crazy Yiuf
  1980 | D:3      | Identified the +1 robe "Iclooli" {rElec Regen+ Str-5 Int+4}
  2246 | D:3      | Reached skill level 6 in Short Blades
  2246 | D:3      | Reached XP level 5. HP: 30/30 MP: 5/5
  2592 | D:3      | Reached skill level 7 in Short Blades
  2800 | D:4      | Noticed an ogre
  2804 | D:4      | Killed an ogre
  2805 | D:4      | Reached skill level 8 in Short Blades
  2805 | D:4      | Reached XP level 6. HP: 35/35 MP: 6/6
  2813 | D:4      | Found an opulent altar of Gozag.
  2888 | D:4      | Identified the amulet of Xom's Entertainment {RegenMP
                  | Int+2}
  2946 | D:4      | Identified the +11 whip "Kidyutz" {elec, rN+ Str+2}
  3112 | D:4      | Found a glowing silver altar of Zin.
  3340 | D:5      | Entered Level 5 of the Dungeon
  3346 | D:5      | Reached skill level 1 in Maces & Flails
  3351 | D:5      | Noticed Blork the orc
  3356 | D:5      | Killed Blork the orc
  3357 | D:5      | Reached XP level 7. HP: 25/40 MP: 7/7
  4396 | D:6      | Reached XP level 8. HP: 44/44 MP: 8/8
  4401 | D:6      | Reached skill level 5 in Maces & Flails
  4430 | D:6      | Identified the +8 whip of the Harvest {freeze, rF+ Dex+3}
  4805 | D:6      | HP: 1/44 [something (5)]
  4807 | D:6      | Slain by an unseen horror

Illustrated notes

Levels and vault maps discovered:
D:1:      saegor_arrival_simple_c, layout_loops_cross, dreamdust_wishing_well
D:2:      layout_basic, basic_altar, uniq_crazy_yiuf_cottage
D:3:      layout_loops_ring
D:4:      layout_rooms, pdpol_temple_overflow_zin_treasury_gozag_greed
D:5:      layout_basic, minmay_misc_feat_roman, uniq_blork_the_orc
D:6:      layout_loops_cross, kennysheep_decorative_pillar

Skill      XL: |  1  2  3  4  5  6  7  8 |
---------------+-------------------------+-----
Short Blades   | 3 4 5 6 8 |  8.4
Maces & Flails | 2 4 6 |  6.1
Fighting       | |  2.1
Throwing       | |  2.1
Dodging        | |  1.2
Stealth        | |  5.3

Action                   |  1- 3 |  4- 6 |  7- 9 || total
-------------------------+-------+-------+-------++-------
Melee: Dagger            |    87 |    28 |       ||   115
       Punch             |     1 |     3 |       ||     4
       Short sword       |       |    61 |       ||    61
       Whip              |       |    14 |    71 ||    85
 Stab: Sleeping          |    21 |    25 |     9 ||    55
       Distracted        |       |     1 |     1 ||     2
Armor: Robe              |     9 |     9 |    25 ||    43
       Leather armour    |       |     1 |       ||     1
Dodge: Dodged            |    38 |    40 |    28 ||   106

Table legend: (Time is in decaauts)
 A = Elapsed time spent in this place.
 B = Non-inter-level travel time spent in this place.
 C = Inter-level travel time spent in this place.
 D = Time resting spent in this place.
 E = Time spent auto-exploring this place.
 F = Levels seen in this place.
 G = Mean time per level.
                   A        B        C        D        E       F      G
               +--------+--------+--------+--------+--------+-----+--------+
         Total |   4746 |   4437 |    309 |      0 |   3610 |   6 |  791.0 |
       Dungeon |   4746 |   4437 |    309 |      0 |   3610 |   6 |  791.0 |
               +--------+--------+--------+--------+--------+-----+--------+

Top non-repeatable levels by time:
     D:2: 1095 daAuts
     D:5: 1011 daAuts
     D:1: 820 daAuts
     D:3: 701 daAuts
     D:4: 673 daAuts
     D:6: 445 daAuts
